 Dungeon Crawl Stone Soup version 0.29-a0-341-g24ffce5b50 (webtiles) character file.

Game seed: 10260996917974366398

399 spaghetti the Covered (level 6, -2/72 (84) HPs)
             Began as a Naga Berserker on Apr 20, 2022.
             Was a Believer of Trog.
             Slain by a wight
             ... wielding a +0 halberd
              (8 damage)
             ... on level 4 of the Dungeon.
             The game lasted 00:03:21 (2484 turns).

spaghetti the Covered (Naga Berserker)              Turns: 2484, Time: 00:03:22

HP:   -2/72 (84)    AC:  6    Str: 23    XL:     6   Next: 84%
MP:   0/15          EV:  8    Int:  8    God:    Trog [**....]
Gold: 159           SH:  0    Dex: 12    Spells: 5/5 levels left

rFire   . . .      SeeInvis +   p - +8 short sword "Abodyeph" {vorpal, Str+4, short}
rCold   . . .      Faith    .   (no shield)
rNeg    . . .      Spirit   +   h - +0 scale mail
rPois   +          Reflect  .   (no helmet)
rElec   .          Harm     .   (no cloak)
rCorr   .          Rampage  .   (no gloves)
Will    .....                   (no barding)
Stlth   ..........              v - amulet of guardian spirit
HPRegen 0.22/turn               x - ring of Vyuptoul {rPois MP+9 Slay+3}
MPRegen 0.14/turn               (no ring)

@: berserking (expiring), heavily drained, quick
A: AC +2, large, see invisible, deformed body, poison resistance, slowness 2,
spit poison 1, naga tail 1
a: Spit Poison, Renounce Religion, Berserk, Trog's Hand


You were on level 4 of the Dungeon.
You worshipped Trog.
Trog was pleased with you.
You visited 1 branch of the dungeon, and saw 4 of its levels.

You collected 159 gold pieces.


Innate Abilities, Weirdness & Mutations

Your serpentine skin is tough. (AC +2)
You have supernaturally acute eyesight. (SInv)
Armour fits poorly on your strangely shaped body.
Your system is resistant to poisons. (rPois)
You cover ground very slowly.
You can spit poison.
You have a snake-like lower body.


   Skills:
 + Level 3.0 Fighting
 - Level 4.6 Axes
 - Level 5.0 Armour
 - Level 1.5 Dodging
 - Level 1.3 Stealth


You had 5 spell levels left.
You didn't know any spells.
Your spell library contained the following spells:

 Spells                   Type           Power      Damage    Failure   Level
 Apportation              Tloc           0%         N/A       71%         1
 Sublimation of Blood     Necr           0%         N/A       83%         2
 Airstrike                Air            0%         N/A       100%        4
 Petrify                  Tmut/Erth      0%         N/A       100%        4
 Summon Lightning Spire   Summ/Air       0%         N/A       100%        4
 Alistair's Intoxication  Tmut/Pois      0%         N/A       100%        5
 Irradiate                Conj/Tmut      0%         3d13      100%        5
 Lightning Bolt           Conj/Air       0%         1d11      100%        5
 Malign Gateway           Summ/Tloc      0%         N/A       100%        7
 Summon Horrible Things   Summ           0%         N/A       100%        8

Inventory:

Hand Weapons
 a - a +0 hand axe {axe}
 j - a +3 hand axe {axe}
   (You found it on level 2 of the Dungeon)
 p - the +8 short sword "Abodyeph" (weapon) {vorpal, Str+4, short}
   (You found it on level 2 of the Dungeon)

   It inflicts extra damage upon your enemies.
   Str:       It affects your strength (+4).
Missiles
 i - 52 stones (quivered) {throwing}
 s - a boomerang {throwing}
Armour
 b - a +0 animal skin
 h - a +0 scale mail (worn)
   (You found it on level 1 of the Dungeon)
Jewellery
 m - a ring of wizardry
   (You found it on level 2 of the Dungeon)
 v - an amulet of guardian spirit (around neck)
   (You found it on level 3 of the Dungeon)
 x - the ring of Vyuptoul (left hand) {rPois MP+9 Slay+3}
   (You found it on level 3 of the Dungeon)

   [ring of magical power]

   Slay:      It affects your accuracy & damage with ranged weapons and melee
   (+3).
   rPois:     It protects you from poison.
   MP:        It affects your magic capacity (+9).
Scrolls
 c - 2 scrolls of amnesia {unknown}
 e - 2 scrolls of teleportation {unknown}
 g - 9 scrolls of identify {unknown}
 k - 2 scrolls of enchant armour {unknown}
 o - a scroll of noise {unknown}
 r - a scroll of immolation {unknown}
 w - a scroll of blinking {unknown}
 y - 3 scrolls of magic mapping {unknown}
Potions
 d - 2 potions of mutation {unknown}
 f - 2 potions of curing {unknown}
 l - 3 potions of brilliance {unknown}
 n - a potion of heal wounds {unknown}
 q - 2 potions of degeneration {unknown}
 t - a potion of attraction {unknown}
 u - 2 potions of magic {unknown}
 z - a potion of flight {unknown}

Dungeon Overview and Level Annotations

Branches:
Dungeon (4/15)
 Temple: D:4-7

Altars:
Uskayaw

#..... ......
#.#.. #.#.## ##
#....# ... #####
##....##((.. #<..#
#...)).((###
#...###...@.z(....
#.....#..)....$###
#...........##.#
#.....###...# #
#...### #####
#...# ......
#######


You could see a wight.


Message History

There are monsters nearby!
There are monsters nearby!
There are monsters nearby!
You throw a stone {throwing}.
The stone {throwing} hits the ball python.
You throw a stone {throwing}.
The stone {throwing} closely misses the ball python.
A wight comes into view. It is wielding a +4 great sword.
You throw a stone {throwing}.
The stone {throwing} hits the ball python.
You kill the ball python!
Trog accepts your kill.
You throw a stone {throwing}.
The stone {throwing} hits the wight but does no damage.
You throw a stone {throwing}.
The stone {throwing} completely misses the wight.
The stone {throwing} hits the wight but does no damage.
You throw a stone {throwing}. The stone {throwing} hits the wight.
The wight hits you but does no damage.
You throw a stone {throwing}.
The stone {throwing} hits the wight but does no damage.
The wight hits you from afar with a +0 halberd!
You feel drained. 😕 HP[-7] MP[-3]
You now have 54 max hp (-2).
You take 7 damage, and now have 49/54 hp.
You lost 3 mp, and now have 12/15 mp.
A red film seems to cover your vision as you go berserk!
You feel yourself moving faster!
You feel mighty!
The wight hits you from afar with a +0 halberd.
You feel drained.
The wight hits you with a +3 mace. 😕 HP[+17] MP[-2]
You now have 78 max hp (+24).
You regained 17 hp, and now have 66/78 hp.
You lost 2 mp, and now have 10/15 mp.
Unknown command.
You puncture the wight! You puncture the wight!
The wight hits you with a +4 great sword!
The wight completely misses you. 😮 HP[-12] MP[-2]
You take 12 damage, and now have 54/78 hp.
You lost 2 mp, and now have 8/15 mp.
You barely miss the wight.
The wight hits you with a +4 great sword!
The wight hits you with a +3 mace.
The wight barely misses you. 😮 HP[-14] MP[-3]
You take 14 damage, and now have 40/78 hp.
You lost 3 mp, and now have 5/15 mp.
You barely miss the wight. The wight barely misses you.
The wight hits you from afar with a +0 halberd!
* * * LOW HITPOINT WARNING * * *
You feel drained.
* * * LOW HITPOINT WARNING * * *
The wight hits you with a +3 mace.
* * * LOW HITPOINT WARNING * * *
😨 HP[-14] MP[-1]
You now have 75 max hp (-3).
You take 14 damage, and now have 26/75 hp.
You lost 1 mp, and now have 4/15 mp.
You barely miss the wight. You barely miss the wight.
The wight hits you with a +4 great sword!
* * * LOW HITPOINT WARNING * * *
You feel drained. The wight hits you with a +3 mace.
* * * LOW HITPOINT WARNING * * *
You feel drained.
The wight closely misses you. 😱 HP[-17] MP[-3]
You now have 69 max hp (-6).
You take 17 damage, and now have 9/69 hp.
MASSIVE DAMAGE!! (PAUSE)
You lost 3 mp, and now have 1/15 mp.
Unknown command.
Unknown command.
You puncture the wight!
You destroy the wight!
Trog accepts your kill.
The wight hits you from afar with a +0 halberd.
* * * LOW HITPOINT WARNING * * *
The wight completely misses you.
Your Armour skill increases to level 5! 😱 HP[-4] MP[-1]
You now have 72 max hp (+3).
You take 4 damage, and now have 5/72 hp.
You lost 1 mp, and now have 0/15 mp.
Unknown command.
Unknown command.
You barely miss the wight. The wight hits you but does no damage.
The wight barely misses you. 😱 HP[+1]
You closely miss the wight. 😱 MP[+1]
You impale the wight!!
You destroy the wight!
Trog accepts your kill.
The wight hits you from afar with a +0 halberd!
You die...

Skill      XL: |  1  2  3  4  5  6 |
---------------+-------------------+-----
Armour         | 2 3 4 5 |  5.0
Axes           | 4 |  4.6
Stealth        | 1 |  1.3
Fighting       | |  3.0
Dodging        | |  1.5

Action                   |  1- 3 |  4- 6 || total
-------------------------+-------+-------++-------
Melee: Hand axe          |    60 |       ||    60
       Punch             |     3 |       ||     3
       Short sword       |    22 |    65 ||    87
Throw: Stone             |       |    15 ||    15
Invok: Berserk           |       |     2 ||     2
Armor: Animal skin       |     2 |       ||     2
       Scale mail        |    34 |    25 ||    59
Dodge: Dodged            |    38 |    39 ||    77

Levels and vault maps discovered:
D:1:      roderic_dead_forest, layout_loops_ring, dk_noncrumbling_3,
          minmay_misc_feat_plants
D:2:      layout_rooms, uniq_natasha, uniq_sigmund
D:3:      layout_basic, nicolae_uskayaw_murder_on_the_dancefloor, uniq_jessica
D:4:      layout_loops_ring, serial_shops, nicolae_take_the_stairs,
          nrook_campfire, kennysheep_nondescript, minmay_misc_feat_chi,
          uniq_edmund, uniq_crazy_yiuf_cottage

Notes
Turn   | Place    | Note
-------+----------+-------------------------------------------
     0 | D:1      | spaghetti the Naga Berserker began the quest for the Orb.
     0 | D:1      | Reached XP level 1. HP: 21/21 MP: 1/1
     0 | D:1      | magus.rc [v1.9.6]
   149 | D:1      | You add the spells Malign Gateway and Summon Horrible
                  | Things to your library.
   331 | D:1      | Reached skill level 2 in Armour
   331 | D:1      | Reached XP level 2. HP: 28/28 MP: 2/2
   412 | D:2      | Noticed Sigmund
   415 | D:2      | Noticed Natasha
   798 | D:1      | You pick up a book of Party Tricks {forbidden} and begin
                  | reading...
   798 | D:1      | You add the spells Apportation and Alistair's Intoxication
                  | to your library.
   953 | D:2      | You pick up a book of Storms {forbidden} and begin
                  | reading...
   953 | D:2      | You add the spells Airstrike, Summon Lightning Spire and
                  | Lightning Bolt to your library.
   970 | D:2      | Identified the +8 short sword "Abodyeph" {vorpal, Str+4}
   989 | D:2      | Reached XP level 3. HP: 34/34 MP: 3/3
  1076 | D:2      | You pick up a book of Alchemy {forbidden} and begin
                  | reading...
  1076 | D:2      | You add the spells Sublimation of Blood, Petrify and
                  | Irradiate to your library.
  1138 | D:2      | Reached ** piety under Trog
  1172 | D:2      | Killed Natasha
  1173 | D:2      | Reached skill level 3 in Armour
  1173 | D:2      | Reached XP level 4. HP: 39/42 MP: 4/4
  1287 | D:2      | Killed Sigmund
  1288 | D:2      | Reached skill level 4 in Axes
  1288 | D:2      | Reached skill level 4 in Armour
  1288 | D:2      | Reached XP level 5. HP: 39/49 MP: 5/5
  1288 | D:2      | Reached XP level 6. HP: 45/56 MP: 6/6
  1963 | D:3      | Identified the ring of Vyuptoul {rPois MP+9 Slay+3}
  2089 | D:3      | Found a hide-covered altar of Uskayaw.
  2307 | D:3      | Noticed Jessica
  2310 | D:3      | Killed Jessica
  2311 | D:3      | Reached skill level 1 in Stealth
  2480 | D:4      | HP: 11/75 [wight/+4 great sword (15)]
  2481 | D:4      | HP: 5/69 [wight/+0 halberd (4)]
  2482 | D:4      | Reached skill level 5 in Armour
  2484 | D:4      | Slain by a wight

Vanquished Creatures
  Sigmund (D:2)
  3 wights (D:4)
  Jessica (D:3)
  Natasha (D:2)
  4 adders
  A worm (D:3)
  A dart slug (D:1)
  6 orcs (D:3)
  4 bats
  2 endoplasms
  2 giant cockroaches
  5 goblins
  5 hobgoblins
  3 jackals (D:3)
  7 ball pythons
  3 frilled lizards
  A kobold (D:1)
  5 rats
55 creatures vanquished.

Table legend:
 A = Non-vault XP
 B = Vault XP
 C = Vault XP percentage of total XP
 D = Non-vault monster count
 E = Vault monster count
 F = Vault count percentage of total count
                 A         B        C        D         E       F
            +---------+---------+-------+---------+---------+-------
      Total |     358 |     286 |  44.4 |      52 |       3 |   5.5
            +---------+---------+-------+---------+---------+-------
        D:1 |      27 |       0 |   0.0 |      16 |       0 |   0.0
        D:2 |      46 |     249 |  84.4 |      13 |       2 |  13.3
        D:3 |      66 |      37 |  35.9 |      19 |       1 |   5.0
        D:4 |     219 |       0 |   0.0 |       4 |       0 |   0.0
            +---------+---------+-------+---------+---------+-------

Illustrated notes

Table legend:
 A = Kills in this place as a percentage of kills in entire the game.
 B = Kills by you in this place as a percentage of kills by you in the entire game.
 C = Kills by friends in this place as a percentage of kills by friends in the entire game.
 D = Other kills in this place as a percentage of other kills in the entire game.
 E = Experience gained in this place as a percentage of experience gained in the entire game.
 F = Experience gained in this place divided by the number of levels of this place that you have seen.
                   A       B       C       D       E      F
               +-------+-------+-------+-------+-------+----------------------
         Total | 100.0 | 100.0 |   N/A |   N/A | 100.0 | 161.0
       Dungeon | 100.0 | 100.0 |   N/A |   N/A | 100.0 | 161.0
               +-------+-------+-------+-------+-------+----------------------

Table legend: (Time is in decaauts)
 A = Elapsed time spent in this place.
 B = Non-inter-level travel time spent in this place.
 C = Inter-level travel time spent in this place.
 D = Time resting spent in this place.
 E = Time spent auto-exploring this place.
 F = Levels seen in this place.
 G = Mean time per level.
                   A        B        C        D        E       F      G
               +--------+--------+--------+--------+--------+-----+--------+
         Total |   3099 |   3038 |     61 |    166 |   2463 |   4 |  774.8 |
       Dungeon |   3099 |   3038 |     61 |    166 |   2463 |   4 |  774.8 |
               +--------+--------+--------+--------+--------+-----+--------+

Top non-repeatable levels by time:
     D:3: 1236 daAuts
     D:1: 1107 daAuts
     D:2: 654 daAuts
     D:4: 101 daAuts
